Map: Abiogenesis LE

Players

INnoVation

  • Race: Terran Terran
  • Spawn Location: 5:00

Dark - Winner!

  • Race: Zerg Zerg
  • Spawn Location: 11:00

Event: IEM Season 12 - Katowice

VOD

Have the link to the VOD?

Description

Time

  • Played on: March 1, 2018, 2:26 p.m.
  • Length: 6:05

All games in this series

Show
View Real Time Build Order
Export as new Build Order

INnoVation Terran 

Build Orders: Gas First Reaper Expand, Reaper Expand, Hellion Banshee 

Get SALT Encoding   

  12  0:00  SCV  
  13  0:12  SCV  
  14  0:17  Supply Depot  
  14  0:25  SCV  
  14  0:27  Refinery  
  15  0:38  SCV  
  16  0:44  Barracks  
  16  0:50  SCV  
  17  1:02  SCV  
  18  1:15  SCV  
  19  1:30  Orbital Command  
  19  1:31  Reaper  
  20  1:42  Command Center  
  20  1:53  Factory  
  20  1:56  SCV  
  21  2:05  Barracks Reactor  
  21  2:08  SCV  
  21  2:12  Supply Depot  
  21  2:13  Refinery  
  22  2:21  SCV  
  23  2:34  SCV  
  24  2:44  Hellion  
  24  2:45  Hellion  
  24  2:46  SCV  
  24  2:47  Reaper  
  30  2:54  Orbital Command  
  30  2:57  Starport  
  30  2:58  SCV  
  31  3:06  Hellion  
  31  3:08  Hellion  
  31  3:10  SCV  
  36  3:20  Supply Depot  
  36  3:21  Barracks Tech Lab  
  36  3:23  SCV  
  36  3:25  SCV  
  38  3:30  Hellion  
  38  3:33  Hellion  
  42  3:41  Cloaking Field  
  42  3:42  Banshee  
  43  3:51  Hellion  
  43  3:54  Hellion  
  41  4:00  Barracks Tech Lab  
  41  4:01  SCV x2  
  41  4:13  SCV x2  
  43  4:18  Cyclone  
  43  4:20  Cyclone  
  49  4:26  SCV, Marine  
  51  4:32  Supply Depot  
  51  4:33  Banshee  
  54  4:45  Supply Depot  
  54  4:48  Armory  
  54  4:54  Hellion x2  
  54  4:58  SCV x2  
  60  5:14  SCV x2  
  60  5:16  Marine, Banshee  
  60  5:18  Hellion x2  
  68  5:29  Supply Depot  
  68  5:35  Marauder  
Show
View Real Time Build Order
Export as new Build Order

Dark Zerg - Winner!

Build Orders: Hatch First 

Get SALT Encoding   

  12  0:00  Drone  
  13  0:12  Overlord  
  13  0:19  Drone  
  14  0:31  Drone x2  
  16  0:36  Drone  
  17  0:52  Hatchery  
  17  0:55  Drone  
  17  1:01  Drone  
  18  1:09  Extractor  
  17  1:15  Spawning Pool  
  17  1:17  Drone  
  17  1:20  Drone  
  18  1:28  Drone  
  19  1:41  Drone  
  20  1:49  Overlord  
  20  2:03  Queen x2  
  20  2:04  Zergling x4  
  26  2:11  Metabolic Boost  
  26  2:12  Zergling x2  
  27  2:18  Drone  
  28  2:26  Drone  
  28  2:29  Drone  
  30  2:38  Hatchery  
  29  2:45  Queen  
  29  2:48  Drone  
  32  2:52  Drone  
  32  2:57  Drone  
  34  3:00  Overlord  
  34  3:07  Drone  
  34  3:11  Drone  
  37  3:20  Drone x4  
  37  3:21  Zergling x4  
  37  3:26  Roach Warren  
  41  3:29  Drone  
  41  3:32  Zergling x4  
  44  3:40  Extractor  
  43  3:46  Zergling x2  
  44  3:51  Drone x3  
  46  3:56  Drone x3  
  46  3:57  Drone  
  49  4:03  Drone, Lair  
  49  4:05  Overlord  
  49  4:11  Overlord  
  49  4:15  Overlord  
  49  4:21  Overlord  
  49  4:25  Roach x3  
  49  4:28  Zergling x6  
  49  4:30  Overlord  
  58  4:33  Queen  
  58  4:36  Extractor  
  58  4:37  Drone  
  60  4:40  Pneumatized Carapace  
  60  4:43  Evolution Chamber  
  60  4:44  Drone  
  60  4:45  Drone  
  61  4:47  Drone  
  61  4:49  Drone  
  61  4:52  Spore Crawler  
  62  4:59  Drone x2  
  64  5:00  Overseer  
  64  5:03  Roach x2  
  64  5:06  Roach  
  70  5:09  Roach  
  70  5:11  Roach  
  70  5:14  Ravager  
  75  5:20  Roach  
  75  5:23  Roach x2  
  76  5:30  Roach  
  76  5:31  Overlord  
  76  5:33  Roach, Overlord  
  80  5:36  Roach  
  80  5:40  Roach  
  84  5:43  Roach  

Tags
 
Add a new tag
Caveats
  • Supply blocks, unpowered buildings, or Contaminate may cause inaccurate times.
  • Supply counts are checked every 10 seconds.